 Dungeon Crawl Stone Soup version 0.21-a0-508-gf08a75f (webtiles) character file.

36 Dawnplanks the Grave Robber (level 3, -8/19 HPs)
             Began as a Deep Elf Necromancer on Nov 28, 2017.
             Mangled by a gnoll
             ... wielding a +0 flail
              (11 damage)
             ... on level 2 of the Dungeon.
             The game lasted 00:08:38 (1789 turns).

Dawnplanks the Grave Robber (Deep Elf Necromancer)  Turns: 1789, Time: 00:08:39

Health: -8/19      AC:  2    Str:  5    XL:     3   Next: 19%
Magic:  10/10      EV: 13    Int: 20    God:
Gold:   52         SH:  0    Dex: 15    Spells: 5/9 levels left

rFire    . . .     SeeInvis .   k - +0 whip
rCold    . . .     Gourm    .   (no shield)
rNeg     . . .     Faith    .   a - +0 robe
rPois    .         Spirit   .   (no helmet)
rElec    .         Reflect  .   (no cloak)
rCorr    .         Harm     .   (no gloves)
MR       .....                  (no boots)
Stlth    ++........             (no amulet)
HPRegen  0.06/turn              (no ring)
MPRegen  0.12/turn              (no ring)

@: no status effects
A: no striking features
a: no special abilities


You were on level 2 of the Dungeon.
You were hungry.

You visited 1 branch of the dungeon, and saw 2 of its levels.

You collected 52 gold pieces.

Inventory:

Hand Weapons
 k - a +0 whip (weapon)
Armour
 a - a +0 robe (worn)
Scrolls
 d - 4 scrolls of remove curse {unknown}
 e - a scroll of teleportation {unknown}
 f - a scroll of identify {unknown}
 g - a scroll of blinking {unknown}
 h - a scroll of random uselessness {unknown}
Potions
 j - 2 potions of might {unknown}
Books
 b - a book of Necromancy

   Spells                             Type                      Level
   a - Pain                           Necromancy                   1
   b - Animate Skeleton               Necromancy                   1
   c - Vampiric Draining              Necromancy                   3
   d - Regeneration                   Charms/Necromancy            3
   e - Animate Dead                   Necromancy                   4
   f - Control Undead                 Necromancy                   4
Comestibles
 c - a bread ration
 i - 2 meat rations


   Skills:
 + Level 0.1 Fighting
 + Level 2.5 Dodging
 + Level 2.5 Stealth
 + Level 3.6 Spellcasting
 + Level 5.7 Necromancy


You had 5 spell levels left.
You knew the following spells:

 Your Spells              Type           Power        Failure   Level  Hunger
a - Pain                  Necr           ####         1%          1    None
b - Vampiric Draining     Necr           ####......   3%          3    ###....


Dungeon Overview and Level Annotations

Branches:
Dungeon (2/15)

Altars:


Message History

Aim: a goblin, wielding a dagger (chance to defeat MR: 93%)
The goblin writhes in agony!
You kill the goblin!
You start resting.
Your magical contamination has completely faded away.
You start resting.
HP restored.
You start resting.
You are feeling hungry.
You start resting.
Magic restored.
You can't go up here!
You climb downwards.
The gnoll hits you! The gnoll misses you. The gnoll hits you with a spear.
The gnoll hits you.
* * * LOW HITPOINT WARNING * * *
There is a stone staircase leading up, spattered with blood here.
You see here 2 stones.
The gnoll barely misses you. The gnoll hits you with a flail!
Ouch! That really hurt!
You die...

#.........#
#......####
#......####.
#...........#
#......######
#.....##
#.....#####
#..gg......
#.g@.......
#...g......
#..........
#.........?
#..........
#......<...
#.###......
#. ......


You could see 4 gnolls.

Vanquished Creatures
  2 worms
  2 dart slugs (D:1)
  3 giant cockroaches (D:1)
  5 goblins (D:1)
  A hobgoblin (D:1)
  3 bats
  2 frilled lizards (D:1)
  3 kobolds (D:1)
  5 rats (D:1)
26 creatures vanquished.

Notes
Turn   | Place    | Note
-------+----------+-------------------------------------------
     0 | D:1      | Dawnplanks the Deep Elf Necromancer began the quest for the Orb.
     0 | D:1      | Reached XP level 1. HP: 10/10 MP: 6/6
    46 | D:1      | Reached skill level 5 in Necromancy
   312 | D:1      | Reached XP level 2. HP: 9/15 MP: 1/8
  1091 | D:1      | Reached XP level 3. HP: 1/19 MP: 0/10
  1602 | D:2      | Learned a level 3 spell: Vampiric Draining
  1789 | D:2      | Mangled by a gnoll

Vault maps used:
D:1:      lightli_molten_gateway
D:2:      nicolae_ashenzari_panopticon, grunt_ministairs_13

Skill      XL: |  1 |
---------------+----+-----
Necromancy     | 5 |  5.7
Fighting       | |  0.1
Dodging        | |  2.5
Stealth        | |  2.5
Spellcasting   | |  3.6

Action                   || total
-------------------------++-------
 Cast: Pain              ||    51
       Vampiric Draining ||     2
  Eat: Royal jelly       ||     1
Armor: Robe              ||     6
Dodge: Dodged            ||    11

Table legend:
 A = Spawn XP
 B = Non-spawn XP
 C = Spawn XP percentage of total XP
 D = Spawn monster count
 E = Non-spawn monster count
 F = Spawn count percentage of total count
 G = Total turns spent on level
                    A         B        C        D         E        F      G
               +---------+---------+-------+---------+---------+-------+---------
         Total |       0 |      52 |   0.0 |       0 |      26 |   0.0 |  1789
               +---------+---------+-------+---------+---------+-------+---------
           D:1 |       0 |      46 |   0.0 |       0 |      24 |   0.0 |  1659
           D:2 |       0 |       6 |   0.0 |       0 |       2 |   0.0 |   130
               +---------+---------+-------+---------+---------+-------+---------
